Map: Port Aleksander LE

Players

ZipperTheFly - Winner!

  • Race: Terran Terran
  • Spawn Location: 5:00

GogojOey

  • Race: Zerg Zerg
  • Spawn Location: 11:00

Event: 2019 WCS Spring

VOD

Have the link to the VOD?

Description

Time

  • Played on: May 17, 2019, 12:08 p.m.
  • Length: 10:18

All games in this series

Show
View Real Time Build Order
Export as new Build Order

ZipperTheFly Terran - Winner!

Build Orders: Liberator Opening, Reaper Expand 

Get SALT Encoding   

  12  0:00  SCV  
  13  0:12  SCV  
  14  0:18  Supply Depot  
  14  0:24  SCV  
  15  0:39  SCV  
  15  0:41  Barracks  
  16  0:45  Refinery  
  16  0:51  SCV  
  17  1:04  SCV  
  18  1:16  SCV  
  19  1:28  Reaper, Orbital Command  
  19  1:47  Supply Depot  
  19  1:53  Command Center  
  19  1:56  SCV  
  20  2:08  SCV  
  20  2:13  Factory  
  20  2:15  Marine  
  22  2:18  Refinery  
  22  2:22  SCV  
  23  2:34  SCV  
  23  2:36  Marine  
  25  2:46  SCV  
  26  2:55  Marine  
  26  2:57  Factory Reactor  
  26  2:58  SCV, Starport  
  28  3:07  Orbital Command  
  28  3:11  SCV  
  29  3:21  Barracks Tech Lab  
  29  3:33  SCV x2, Bunker  
  29  3:34  Hellion x2  
  35  3:35  Viking  
  35  3:37  Orbital Command  
  35  3:40  Stimpack  
  37  3:49  Liberator  
  37  3:55  SCV  
  38  3:57  Hellion x2  
  41  4:03  SCV  
  41  4:07  SCV  
  46  4:14  Supply Depot  
  46  4:17  Supply Depot  
  46  4:26  Factory Tech Lab  
  46  4:32  Barracks x2  
  46  4:36  SCV x2, Marine  
  49  4:44  Command Center  
  49  4:48  SCV  
  49  4:51  Siege Tank  
  53  4:54  Starport Reactor  
  53  4:55  SCV  
  54  5:03  SCV  
  55  5:07  SCV  
  55  5:08  Engineering Bay  
  55  5:11  Engineering Bay, Supply Depot  
  56  5:15  SCV  
  56  5:19  Marine  
  58  5:22  SCV  
  58  5:24  Refinery  
  58  5:27  SCV  
  58  5:28  Refinery, Marine  
  61  5:34  SCV  
  61  5:35  Missile Turret, Starport Reactor  
  62  5:37  Missile Turret  
  62  5:42  Terran Infantry Weapons Level 1  
  62  5:44  Terran Infantry Armor Level 1  
  62  5:45  SCV  
  62  5:46  SCV  
  64  5:51  Missile Turret  
  64  5:57  SCV  
  64  5:58  Combat Shield  
  64  6:00  Orbital Command  
  64  6:02  Marine  
  66  6:06  Marine x2  
  66  6:08  Marine x2  
  66  6:11  SCV  
  71  6:19  Supply Depot  
  71  6:20  Marine  
  71  6:21  Medivac  
  74  6:27  SCV x2  
  74  6:31  Siege Tank  
  77  6:33  Marine x4  
  77  6:38  Marine  
  78  6:45  Barracks  
  78  6:46  Barracks  
  74  6:52  Marine x2  
  74  6:53  Armory, Marine  
  74  6:54  Marine  
  77  6:56  Marine  
  77  6:58  SCV  
  77  6:59  SCV  
  81  7:04  Medivac x2  
  85  7:08  Supply Depot  
  85  7:11  Supply Depot  
  85  7:22  Marine x3  
  85  7:23  SCV x2, Siege Tank  
  93  7:30  Marine x2  
  93  7:34  Supply Depot  
  93  7:35  SCV x2, Barracks Reactor  
  94  7:37  Barracks Reactor  
  94  7:43  Marine x2  
  96  7:47  SCV x2  
  96  7:51  Orbital Command  
  96  7:54  Marine x3  
  96  7:55  Medivac x2  
  96  7:57  Terran Infantry Weapons Level 2, Terran Infantry Armor Level 2  
  102  7:59  SCV x2  
  102  8:01  Marine  
  102  8:04  Marine  
  98  8:11  Marine  
  98  8:12  Marine  
  94  8:14  Marine x3  
  94  8:15  Marine x2  
  94  8:17  SCV  
  94  8:18  SCV  
  99  8:22  SCV  
  99  8:25  Marine x2  
  102  8:30  SCV  
  102  8:33  SCV, Thor  
  107  8:34  SCV  
  107  8:35  Missile Turret  
  107  8:41  Marine x3  
  107  8:42  SCV, Marine x2  
  107  8:45  Supply Depot  
  107  8:48  Supply Depot  
  111  8:54  Marine x2  
  111  8:55  Marine x2  
  115  8:59  Marine  
  113  9:04  Marine x2  
  112  9:11  Marine x3  
  112  9:13  Medivac  
  112  9:14  Missile Turret, Medivac, Marine x2  
  112  9:15  Marine  
  122  9:17  Marine  
  122  9:21  Marine  
  122  9:22  Marine  
  122  9:23  Thor, Factory  
  131  9:29  Marine x2  
  133  9:35  Supply Depot  
  133  9:36  Supply Depot  
  133  9:39  Supply Depot  
  133  9:57  Marine x9  
  140  10:05  Command Center  
  140  10:08  Barracks x2  
  140  10:12  Barracks  
Show
View Real Time Build Order
Export as new Build Order

GogojOey Zerg 

Build Orders: Pool First, Muta Ling Bane 

Get SALT Encoding   

  12  0:00  Drone  
  13  0:08  Extractor  
  12  0:26  Spawning Pool  
  11  0:30  Drone  
  11  0:35  Drone  
  13  0:42  Drone  
  14  0:53  Overlord  
  14  1:13  Zergling x2  
  14  1:14  Metabolic Boost, Zergling x2  
  14  1:17  Zergling x2  
  17  1:24  Zergling x2  
  18  1:32  Queen  
  18  1:38  Drone  
  21  1:47  Overlord  
  21  1:56  Drone  
  22  2:08  Drone  
  22  2:15  Hatchery  
  22  2:20  Drone  
  23  2:30  Queen  
  25  2:46  Overlord  
  24  2:53  Drone x2  
  24  2:54  Drone x2  
  27  3:04  Drone  
  28  3:14  Drone  
  28  3:15  Drone x2  
  31  3:21  Drone  
  32  3:28  Overlord  
  32  3:29  Queen  
  32  3:32  Drone  
  35  3:38  Drone  
  36  3:42  Drone  
  36  3:46  Lair  
  37  3:49  Drone  
  38  4:01  Drone x3  
  38  4:02  Drone  
  42  4:10  Drone x2  
  42  4:16  Overlord  
  44  4:17  Drone x2  
  44  4:18  Drone x2  
  44  4:21  Extractor  
  44  4:23  Extractor  
  44  4:25  Overlord  
  43  4:33  Overlord  
  43  4:35  Zergling x2  
  43  4:36  Drone x2  
  46  4:41  Extractor, Spine Crawler  
  44  4:48  Zergling x4  
  44  4:50  Drone x3  
  49  4:54  Spire  
  49  4:57  Drone x2  
  50  5:04  Drone x3  
  55  5:21  Drone x2  
  55  5:22  Overlord  
  55  5:29  Drone  
  56  5:41  Hatchery  
  55  5:56  Overlord  
  55  6:05  Overlord  
  55  6:07  Mutalisk  
  55  6:08  Mutalisk x6  
  69  6:17  Evolution Chamber  
  69  6:18  Drone x2  
  69  6:19  Evolution Chamber, Overlord  
  69  6:20  Drone x2  
  70  6:29  Drone x2  
  70  6:30  Zerg Flyer Weapons Level 1, Baneling Nest  
  71  6:38  Overlord  
  69  6:41  Drone  
  69  6:46  Zerg Melee Weapons Level 1, Zerg Ground Armor Level 1  
  70  6:55  Drone x4  
  70  6:56  Drone  
  70  6:57  Drone x3  
  70  6:59  Drone  
  79  7:03  Mutalisk x2  
  79  7:05  Zergling x4  
  79  7:08  Drone  
  85  7:11  Drone  
  85  7:14  Baneling x2  
  85  7:15  Baneling x3  
  84  7:17  Zergling x2  
  85  7:27  Mutalisk  
  85  7:28  Zergling x4  
  85  7:29  Zergling x2  
  88  7:35  Zergling x6  
  86  7:39  Zergling x4  
  86  7:43  Zergling x2  
  74  7:53  Overlord x3  
  66  8:01  Overlord  
  66  8:03  Mutalisk x3  
  66  8:05  Zergling x2  
  62  8:16  Drone x5  
  65  8:30  Mutalisk x2, Hatchery  
  68  8:36  Baneling x2  
  68  8:43  Zergling x2  
  68  8:44  Zergling x8  
  68  8:47  Centrifical Hooks  
  73  8:52  Zergling x4  
  75  9:02  Zergling x4  
  77  9:09  Queen  
  75  9:11  Baneling  
  75  9:12  Baneling x6  
  75  9:13  Zergling x8  
  81  9:21  Zergling x4  
  83  9:29  Baneling  
  83  9:30  Baneling x7  
  83  9:31  Zergling x2  
  84  9:37  Overlord  
  84  9:38  Overlord  
  84  9:40  Zergling x4  
  83  9:47  Zergling x6  
  86  9:53  Zergling x6  
Tags
 
Add a new tag
Caveats
  • Supply blocks, unpowered buildings, or Contaminate may cause inaccurate times.
  • Supply counts are checked every 10 seconds.